 Dungeon Crawl Stone Soup version 0.23.2-1-ga50397a (webtiles) character file.

Game seed: 10948786764501273378

77 eccles the Conjurer (level 4, -14/24 HPs)
             Began as a Deep Elf Conjurer on Apr 12, 2019.
             Demolished by an ogre
             ... wielding a +0 giant club
              (27 damage)
             ... on level 3 of the Dungeon on Apr 15, 2019.
             The game lasted 00:18:25 (2949 turns).

eccles the Conjurer (Deep Elf Conjurer)             Turns: 2949, Time: 00:18:26

Health: -14/24     AC:  3    Str:  6    XL:     4   Next: 13%
Magic:  12/12      EV: 12    Int: 20    God:
Gold:   100        SH:  0    Dex: 15    Spells: 8/11 levels left

rFire    . . .     SeeInvis .   e - 2 potions of curing
rCold    . . .     Gourm    .   (no shield)
rNeg     . . .     Faith    .   i - +0 leather armour
rPois    .         Spirit   .   (no helmet)
rElec    .         Reflect  .   (no cloak)
rCorr    .         Harm     .   (no gloves)
MR       .....                  (no boots)
Stlth    ++........             (no amulet)
HPRegen  0.08/turn              (no ring)
MPRegen  0.13/turn              (no ring)

@: no status effects
A: no striking features
a: no special abilities


You were on level 3 of the Dungeon.
You were not hungry.

You visited 1 branch of the dungeon, and saw 4 of its levels.

You collected 100 gold pieces.

Inventory:

Armour
 a - a +0 robe
 i - a +0 leather armour (worn)
Wands
 j - a wand of enslavement (10)
 l - a wand of acid (7)
Scrolls
 f - a scroll of fear
 h - a scroll of remove curse
 m - a scroll of teleportation
 n - a scroll of enchant weapon {unknown}
Potions
 b - a potion of invisibility {unknown}
 d - 3 potions of haste
 e - 2 potions of curing (in hand)
 g - 2 potions of cancellation
 k - a potion of berserk rage
Comestibles
 c - 6 rations


   Skills:
 + Level 2.4 Dodging
 + Level 2.9 Stealth
 * Level 4.0 Spellcasting
 * Level 5.6 Conjurations


You had 8 spell levels left.
You knew the following spells:

 Your Spells              Type           Power        Failure   Level  Hunger
a - Magic Dart            Conj           ####         1%          1    None
b - Searing Ray           Conj           ####..       3%          2    #......

Your spell library contained the following spells:

 Spells                   Type           Power        Failure   Level  Hunger
 Dazzling Spray           Conj/Hex       ###...       19%         3    ###....
 Confusing Touch          Hex            #.....       21%         1    None
 Iskenderun's Mystic Bla  Conj           ####....     21%         4    ####...
 Confuse                  Hex            #.......     52%         3    ###....
 Gell's Gravitas          Tloc           #.........   52%         3    ###....
 Force Lance              Conj/Tloc      ###.....     54%         4    ####...
 Fulminant Prism          Conj/Hex       ###.......   54%         4    ####...
 Petrify                  Tmut/Erth      #.......     89%         4    ####...
 Metabolic Englaciation   Hex/Ice        #.........   99%         5    ######.
 Yara's Violent Unravell  Hex/Tmut       #.........   99%         5    ######.


Dungeon Overview and Level Annotations

Branches:
Dungeon (4/15)
 Temple: D:4-7

Altars:


Message History

There is a stone staircase leading up here.
You climb upwards.
There is a stone staircase leading down here.
You start resting.
You are near starving!
You eat one of the 7 rations.
That ration really hit the spot!
You start resting.
HP restored.
Save game and exit?
Welcome back, eccles the Deep Elf Conjurer.
Press ? for a list of commands and other information.
You climb downwards.
The ogre barely misses you. The ogre hits you with a +0 giant club!
Ouch! That really hurt!
There is a stone staircase leading up, spattered with blood here.
You climb upwards.
There is a stone staircase leading down here.
The ogre hits you with a +0 giant club!!
Ouch! That really hurt!
You die...

###.##.....# #.# #.#
# # #.######.# #.#
#.# # # #.# #.#
#.###[# # #.# #.#
#.....# #.# #<#
####### #.# #># #.#
#.#
#.######.############
#[...........O@.....#
########.##########.#
#.# #.# #.# #.#
###### #.# ##.##
#.(... #.###### #...#
#.#### ####
#......####...### #.#
...#
######.##.......# #)#
##.# #...........#
#.#


You could see an ogre.

Vanquished Creatures
  Jessica (D:3)
  An ooze (D:3)
  2 worms
  3 dart slugs (D:1)
  3 giant cockroaches
  3 goblins
  5 hobgoblins
  A quokka (D:2)
  A ball python (D:3)
  7 bats
  5 kobolds
  4 rats
36 creatures vanquished.

Notes
Turn   | Place    | Note
-------+----------+-------------------------------------------
     0 | D:1      | eccles the Deep Elf Conjurer began the quest for the Orb.
     0 | D:1      | Reached XP level 1. HP: 10/10 MP: 6/6
   280 | D:1      | Reached XP level 2. HP: 15/15 MP: 6/8
   485 | D:1      | Reached skill level 5 in Conjurations
  1148 | D:2      | Reached XP level 3. HP: 17/19 MP: 3/9
  1547 | D:3      | Learned a level 2 spell: Searing Ray
  2260 | D:3      | Noticed Jessica
  2273 | D:3      | Killed Jessica
  2273 | D:3      | Reached XP level 4. HP: 24/24 MP: 9/12
  2568 | D:4      | Noticed an ogre
  2938 | D:3      | Upgraded the game from 0.23.2 to 0.23.2-1-ga50397a
  2949 | D:3      | Demolished by an ogre

Skill      XL: |  1  2  3 |
---------------+----------+-----
Conjurations   | 5 |  5.6
Spellcasting   | 4 |  4.0
Dodging        | |  2.4
Stealth        | |  2.9

Action                   |  1- 3 |  4- 6 || total
-------------------------+-------+-------++-------
Melee: Unarmed           |     3 |       ||     3
 Cast: Magic Dart        |    94 |     8 ||   102
       Searing Ray       |     2 |       ||     2
  Use: Scroll            |     9 |       ||     9
  Eat: Chunk             |     4 |       ||     4
       Ration            |       |     1 ||     1
Armor: Robe              |     1 |       ||     1
       Leather armour    |     1 |       ||     1
Dodge: Dodged            |     9 |     5 ||    14
